 Dungeon Crawl Stone Soup version 0.30.1-11-g7821555f0a (webtiles) character file.

Game seed: 8025719534948641075

194 Nonny the Charlatan (level 5, -2/46 HPs)
             Began as a Gargoyle Artificer on Nov 25, 2023.
             Was a Follower of Okawaru.
             Killed from afar by an orc wizard (7 damage)
             ... with a magic dart
             ... on level 4 of the Dungeon.
             The game lasted 00:16:54 (2251 turns).

Nonny the Charlatan (Gargoyle Artificer)            Turns: 2251, Time: 00:16:54

Health: -2/46      AC: 22    Str: 15 (16) XL:     5   Next: 73%
Magic:  0/5        EV:  2    Int: 10 (11) God:    Okawaru [*.....]
Gold:   44         SH:  0    Dex: 12      Spells: 4/4 levels left

rFire   . . .        o - +2 dagger (venom)
rCold   . . .        (no shield)
rNeg    + . .        b - melded +0 leather armour
rPois   ∞            (helmet currently unavailable)
rElec   .            (cloak currently unavailable)
rCorr   .            k - melded +0 pair of gloves
SInv    .            (boots currently unavailable)
Will    .....        f - amulet of guardian spirit
Stlth   ++           (no ring)
HPRegen 0.27/turn    (no ring)
MPRegen 0.09/turn

%: guardian spirit
@: tree-form
A: stationary, stasis, torment immunity, boosted hp, sickness immunity, AC +4,
negative energy resistance 1, (electricity resistance), torment resistance 1,
petrification resistance
a: Renounce Religion, Heroism


You were on level 4 of the Dungeon.
You worshipped Okawaru.
Okawaru was aware of your devotion.
You were a tree.
You visited 1 branch of the dungeon, and saw 4 of its levels.

You collected 127 gold pieces.
You spent 83 gold pieces at shops.

Inventory:

Hand Weapons
 o - a +2 dagger of venom (weapon)
Missiles
 a - 7 stones (quivered)
 l - 3 boomerangs
Armour
 b - a +0 leather armour (melded)
 k - a +0 pair of gloves (melded)
Magical Staves
 h - a staff of cold
Jewellery
 f - an amulet of guardian spirit (around neck)
 r - an amulet of reflection
Wands
 c - a wand of flame (7)
 d - a wand of charming (15)
 e - a wand of iceblast (3)
Scrolls
 m - a scroll of noise
 n - a scroll of fog
 p - a scroll of vulnerability {unknown}
 s - 3 scrolls of fear
 t - a scroll of acquirement {unknown}
 u - a scroll of enchant weapon {unknown}
 v - 2 scrolls of teleportation
 w - a scroll of amnesia
Potions
 g - 4 potions of curing
 i - a potion of berserk rage
 j - a potion of degeneration
 q - a potion of lignification


   Skills:
 + Level 2.5 Fighting
 + Level 2.3 Short Blades
 - Level 2.1 Armour
 + Level 2.0 Dodging
 - Level 1.1 Stealth
 - Level 4.0 Evocations


You had 4 spell levels left.
You didn't know any spells.
Your spell library contained the following spells:

 Spells                   Type           Power      Damage    Failure   Level
 Ozocubu's Armour         Ice            0%         N/A       75%         3
 Metabolic Englaciation   Hex/Ice        0%         N/A       100%        5
 Ozocubu's Refrigeration  Ice            0%         4d7       100%        7
 Simulacrum               Ice/Necr       Unusable   N/A       N/A         6

Dungeon Overview and Level Annotations

Branches:
Dungeon (4/15)
 Temple: D:4-7

Altars:
Okawaru

Shops:
D:2 !   D:3 (   D:4 ?


Innate Abilities, Weirdness & Mutations

You are a tree.
Your roots penetrate the ground, keeping you stationary.
You cannot be teleported.
You are immune to unholy pain and torment.
Your maximum health is greatly increased.
Your equipment is partially melded.
You are immune to sickness and miasma.
((Your stone body is resilient. (AC +4)))
You are immune to poison.
You resist negative energy. (rN+)
((You are resistant to electric shocks. (rElec)))
You are resistant to unholy torment.
You are immune to petrification.


Message History

The puff of flame hits the orc priest.
The orc priest is moderately wounded.
The orc wizard gestures at you while chanting.
The puff of flame hits you!
You hit the orc priest.
The orc priest is heavily wounded.
The orc priest hits you but does no damage.
Unknown command.
You completely miss the orc priest.
The orc priest is heavily wounded.
The orc priest closely misses you.
Unknown command.
You hit the orc priest.
The orc priest is severely wounded.
The orc priest invokes the aid of Beogh against you.
Beogh smites you!
* * * LOW HITPOINT WARNING * * *
Unknown command.
Really quaff the potion of lignification?
You turn into a tree.
Your +0 pair of gloves melds into your body.
Your +0 leather armour melds into your body.
Your roots penetrate the ground.
The orc priest hits you but does no damage.
The orc wizard hits you but does no damage.
Unknown command.
Aiming: Throw Flame
Press: ? - help, Shift-Dir - straight line, f/p - orc priest
Aim: an orc priest, wielding a +0 club (severely wounded, 71% to hit)
The puff of flame hits the orc priest.
You kill the orc priest!
Okawaru accepts your kill.
The orc wizard hits you but does no damage.
Training target 4.0 for Evocations reached!
Your Dodging skill increases to level 2!
Your Evocations skill increases to level 4!
You closely miss the orc wizard. The orc wizard casts a spell at you.
The magic dart hits you!
You die...

....... .....).
...)... ...).).
....... .......
......o### .....>)♣.#
#......#.# #
#......#.# .# ###
########.##.#....
########
#.............
#......#
#.##....##.###
##.###.# #.##....#
###.#.#.# #.##)...#
....#.#.#####.##....#


You could see an orc wizard.

Vanquished Creatures
  2 orc priests (D:4)
  4 gnolls (D:2)
  2 adders
  3 dart slugs
  5 orcs
  4 ball pythons
  6 endoplasms
  2 giant cockroaches
  9 goblins
  6 hobgoblins
  A jackal (D:4)
  5 kobolds
  2 quokkas
  3 bats (D:1)
  4 frilled lizards
  8 rats
66 creatures vanquished.

Notes
Turn   | Place    | Note
-------+----------+-------------------------------------------
     0 | D:1      | Nonny the Gargoyle Artificer began the quest for the Orb.
     0 | D:1      | Reached XP level 1. HP: 12/12 MP: 1/1
     1 | D:1      | Noticed a demonspawn
     2 | D:1      | Noticed a naga
     4 | D:1      | Noticed a demigod
     4 | D:1      | Noticed a gargoyle
     6 | D:1      | Noticed a troll
     6 | D:1      | Noticed an elf
     8 | D:1      | Noticed a draconian
     8 | D:1      | Noticed a merfolk
    10 | D:1      | Noticed a human
    12 | D:1      | Noticed a felid
    12 | D:1      | Noticed an ogre
    14 | D:1      | Noticed a ghoul
    14 | D:1      | Noticed a meteoran
    16 | D:1      | Noticed a minotaur
    18 | D:1      | Noticed a vampire
    18 | D:1      | Noticed an armataur
    20 | D:1      | Noticed a tengu
    20 | D:1      | Noticed a formicid
    22 | D:1      | Noticed a spriggan
    22 | D:1      | Noticed an octopode
    24 | D:1      | Noticed a troll
    24 | D:1      | Noticed a vine stalker
    26 | D:1      | Noticed a troll
    26 | D:1      | Noticed a human
    77 | D:1      | amulet of guardian spirit north of start
    88 | D:1      | staff of cold north of start
   102 | D:1      | Reached skill level 3 in Evocations
   140 | D:1      | Reached XP level 2. HP: 9/16 MP: 2/2
   711 | D:1      | Reached skill level 1 in Dodging
   711 | D:1      | Reached XP level 3. HP: 6/20 MP: 3/3
  1230 | D:2      | Found a faded altar of an unknown god.
  1248 | D:2      | Prayed at the altar of an unknown god.
  1248 | D:2      | Became a worshipper of Warmaster Okawaru
  1248 | D:2      | Reached * piety under Okawaru
  1321 | D:1      | D:2 uphatch not ideal for orbrun.
  1368 | D:2      | D:1 downhatch drops you in the middle of four gnolls.
  1382 | D:2      | Fortunately, I had a haste potion. Other potion was
                  | degeneration. Yeesh.
  1385 | D:2      | Found Pumon's Distillery.
  1404 | D:1      | Reached XP level 4. HP: 11/26 MP: 4/4
  1460 | D:2      | Reached skill level 1 in Short Blades
  1504 | D:2      | Bought a potion of berserk rage for 50 gold pieces
  1601 | D:3      | Found Sicvinkoets's Weapon Emporium.
  1936 | D:3      | Reached XP level 5. HP: 30/30 MP: 5/5
  2097 | D:3      | You fall into a shaft and drop 1 floor!
  2100 | D:4      | Found Horoduno's Magic Scroll Emporium.
  2124 | D:4      | Bought a scroll of teleportation for 33 gold pieces
  2251 | D:4      | Reached skill level 4 in Evocations
  2251 | D:4      | Killed from afar by an orc wizard

Illustrated notes . # #.#.###.# # ...#.#.#.#.#.# .# ...........#.###... .......†...#.#....# ...#.#.#...#..(..## . .....#..........# ........#...##...# .........#..##..#. ..###.....#@...# . ........#..#.... ......##. ##..##. ...... #. ..# ..... .. ... ## .# ... .# #.. # Turn 77 on D:1: amulet of guardian spirit north of start . .....#..........# ........#...##...# .........#..##..#.. ..###.....#†...# .. ...........#..#.... .......##..##..##. .......##..##..# . .........†#..#.... .#####...#@...#..S ......#..##..#... ####.#.$.# ...# g ##...... ... ..##....# .# ... ........ ###....# ... ##...##. #.#....# ## #..... . #.#....# #.#.#.#....# Turn 88 on D:1: staff of cold north of start #.........#.######## #########........... #####.#.#.#.#.## #.......#.#.#.## #####.#.#...#.#.#.#. #................... #.....#.#........... #.....#.#...#.#.#... #..@............#... #.#+#.#.#........#.. #.................#. ###.#...#..###.....# #.#............... #.#............##. ######.#.#.#........##. #....#................. #.##.......#..#####...# Turn 1321 on D:1: D:2 uphatch not ideal for orbrun. ###### ############ #....########........w.# #..#...........ggg.....# ............#...@g.....# ._.####........######### ..........>### ⌠.∩.....## ...††.### ...).####... ##.......... #...###..... ..#.# .... Turn 1368 on D:2: D:1 downhatch drops you in the middle of four gnolls.

###### ######### ####
#....########........
....###..#.................
#............g..#....w...
#.._.####..g.g...######
##........g.>#####
####⌠.∩.....#### #
........††.### .
#####...)@####...
###..........
########...###.....
######........#.# ....
#......#######..# ....
..###### #...####.<... .##
###.###........ ##
######.......##.....
##.......###### ...


Turn 1382 on D:2: Fortunately, I had a haste potion. Other potion was
degeneration. Yeesh.

Levels and vault maps discovered:
D:1:      kb_arrival_jail, layout_basic, minivault_26, glass_columns_c
D:2:      layout_rooms, serial_shops, shop, ebering_ecumenical_altar_abandoned
D:3:      layout_loops_cross, serial_shops, nicolae_diamond_shop
D:4:      layout_basic, kennysheep_windowed_goal, uniq_sigmund

Skill      XL: |  1  2  3  4  5 |
---------------+----------------+-----
Evocations     | 3 4 |  4.0
Dodging        | 1 2 |  2.0
Fighting       | 2 |  2.5
Short Blades   | 1 2 |  2.3
Armour         | |  2.1
Stealth        | |  1.1

Action                     |  1- 3 |  4- 6 || total
---------------------------+-------+-------++-------
  Melee: Staff             |    59 |       ||    59
         Club              |    19 |       ||    19
         Short sword       |    52 |       ||    52
         Dagger            |    20 |    70 ||    90
         Punch             |     1 |     1 ||     2
  Throw: Stone             |     4 |     2 ||     6
  Evoke: Wand              |     4 |     6 ||    10
    Use: Scroll            |     2 |     4 ||     6
         Potion            |     2 |     1 ||     3
   Stab: Sleeping          |     1 |     2 ||     3
 Armour: Leather armour    |    49 |    24 ||    73
         Skin              |       |     3 ||     3
  Dodge: Dodged            |    92 |    29 ||   121
